 Dungeon Crawl Stone Soup version 0.22-a0-565-gfc6459a (webtiles) character file.

662 Firecrotchwizard the Slasher (level 7, -4/55 HPs)
             Began as a Demonspawn Gladiator on June 28, 2018.
             Slain by an orc warrior
             ... wielding a +0 dire flail
              (10 damage)
             ... on level 6 of the Dungeon.
             The game lasted 00:11:03 (5142 turns).

Firecrotchwizard the Slasher (Demonspawn Gladiator) Turns: 5142, Time: 00:11:03

Health: -4/55      AC:  7    Str: 14    XL:     7   Next: 30%
Magic:  7/7        EV: 13    Int: 10    God:
Gold:   232        SH:  0    Dex: 16    Spells: 6/6 levels left

rFire    + + .     SeeInvis .   a - +0 long sword
rCold    x . .     Gourm    .   (no shield)
rNeg     . . .     Faith    .   p - +0 ring mail
rPois    .         Spirit   .   c - +0 helmet
rElec    .         Reflect  .   (no cloak)
rCorr    .         Harm     .   k - +0 pair of gloves
MR       .....                  (no boots)
Stlth    +.........             (no amulet)
HPRegen  0.18/turn              e - ring of flight {+Fly, !d}
MPRegen  0.10/turn              w - ring of fire {rF+, rC-}

@: no status effects
A: talons 2, fire resistance 1
a: Evoke Flight


You were on level 6 of the Dungeon.
You were very hungry.

You visited 1 branch of the dungeon, and saw 6 of its levels.
You also visited: Sewer.

You collected 232 gold pieces.

Inventory:

Hand Weapons
 a - a +0 long sword (weapon)
Missiles
 d - 3 throwing nets {=f, !d}
Armour
 c - a +0 helmet (worn)
 k - a +0 pair of gloves (worn)
   (You found it on level 1 of the Dungeon)
 p - a +0 ring mail (worn)
   (You found it on level 1 of the Dungeon)
Jewellery
 e - a ring of flight (left hand) {+Fly, !d}
   (You found it on level 1 of the Dungeon)
 w - a ring of fire (right hand) {rF+, rC-}
   (You found it on level 4 of the Dungeon)
Scrolls
 g - a scroll of enchant weapon {unknown}
 h - 3 scrolls of identify {unknown}
 i - 7 scrolls of teleportation {unknown}
 j - 4 scrolls of remove curse {unknown}
 l - a scroll of magic mapping {unknown}
 m - a scroll of fog {unknown}
 q - a scroll of amnesia {unknown}
 r - 2 scrolls of blinking {unknown}
 t - a scroll of immolation {unknown}
 v - a scroll of random uselessness {unknown}
Potions
 b - a potion of cancellation {unknown}
 n - 3 potions of flight {unknown}
 s - 2 potions of might {unknown}
 u - 2 potions of heal wounds {unknown}
Comestibles
 f - 11 rations {@e1}


   Skills:
 + Level 4.3 Fighting
 * Level 5.8 Long Blades
 - Level 1.7 Throwing
 + Level 4.4 Dodging


You had 6 spell levels left.
You didn't know any spells.
Your spell library was empty.

Dungeon Overview and Level Annotations

Branches:
Dungeon (6/15)
 Temple: D:4-7

Altars:
Fedhas
Nemelex Xobeh
Qazlal
Uskayaw
Wu Jian
Xom
Yredelemnul
Zin
Beogh

Annotations:
D:3 3 runed doors, Mace's ghost, amateur DENe


Innate Abilities, Weirdness & Mutations

You have razor-sharp toenails.
Your flesh is heat resistant. (rF+)


Message History

Found a stone staircase leading down.
Health restored: 54
There is a stone staircase leading down here.
Done exploring.
Done exploring.
(D) Dungeon
Where to? (Enter - D:4 @ (x,y), ? - help)
There is a stone staircase leading down here.
You climb downwards.
There is a stone staircase leading up here.
You may need something to eat soon, looking for food.
Can't find anything matching that.
Okay, then.
You open the door.
There is an open door here.
A scorpion comes into view.
You closely miss the scorpion. The scorpion barely misses you.
Your ring mail prevents you from hitting the scorpion.
Your kick misses the scorpion. The scorpion stings you.
You take 4 damage, and have 50/54 hp.
You closely miss the scorpion. The scorpion misses you.
You hit the scorpion. You claw the scorpion. The scorpion misses you.
You hit the scorpion.
The scorpion stings you but does no damage.
You hit the scorpion but do no damage. Your kick misses the scorpion.
The scorpion stings you.
You take 2 damage, and have 49/54 hp.
You slash the scorpion!
You kill the scorpion!
No target in view!
You may need something to eat soon, looking for food.
Can't find anything matching that.
Okay, then.
A hound skeleton comes into view.
The hound skeleton bites you but does no damage.
You regained 2 hp, and now have 51/54 hp.
You slash the hound skeleton! You claw the hound skeleton.
The hound skeleton bites you but does no damage.
You hit the hound skeleton.
The hound skeleton bites you but does no damage. x2
You slash the hound skeleton!
You destroy the hound skeleton!
You are feeling very hungry.
No target in view!
You may need something to eat soon, looking for food.
Can't find anything matching that.
Okay, then.
A bullfrog comes into view.
The bullfrog croaks.
An orc comes into view.
The orc shouts!
The bullfrog closely misses you.
You hit the bullfrog. The bullfrog closely misses you.
You closely miss the bullfrog. The bullfrog hits you.
The bullfrog closely misses you.
An orc warrior comes into view. It is wielding a dire flail.
You take 5 damage, and have 48/54 hp.
The orc warrior shouts!
You hit the bullfrog. Your kick misses the bullfrog.
The bullfrog barely misses you. The bullfrog closely misses you.
You hit the bullfrog but do no damage.
The bullfrog hits you but does no damage.
You slash the bullfrog! You claw the bullfrog.
The bullfrog hits you but does no damage.
The bullfrog barely misses you.
You slash the bullfrog!
You kill the bullfrog!
An orc comes into view. It is wielding a mace.
The orc warrior closely misses you.
You riposte.
You hit the orc warrior but do no damage.
You barely miss the orc warrior.
An orc wizard comes into view. It is wielding a dagger of draining.
The orc warrior hits you but does no damage.
You barely miss the orc warrior.
The orc warrior hits you with a dire flail!
You take 15 damage, and have 35/55 hp.
MASSIVE DAMAGE!!
You slash the orc warrior! You claw the orc warrior.
The orc warrior closely misses you.
You hit the orc warrior. Your kick misses the orc warrior.
The orc warrior hits you with a dire flail!
You take 8 damage, and have 28/55 hp.
You hit the orc warrior but do no damage.
Your kick misses the orc warrior. The orc warrior closely misses you.
You hit the orc warrior but do no damage.
You claw the orc warrior, but do no damage.
The orc warrior hits you with a dire flail!
* * * LOW HITPOINT WARNING * * *
You take 12 damage, and have 16/55 hp.
MASSIVE DAMAGE!!
You feel better.
The orc warrior hits you with a dire flail!
* * * LOW HITPOINT WARNING * * *
You take 10 damage, and have 6/55 hp.
You hit the orc warrior but do no damage.
You claw the orc warrior, but do no damage.
The orc warrior barely misses you.
You riposte.
You hit the orc warrior.
You hit the orc warrior but do no damage.
The orc warrior hits you with a dire flail!
You die...

##+## #.# #.#
### #.###.##
#....#.#
#####.## #.# #
#.#
.#%##.#######.#
......oooo@...#
...#..#########
...# ##.


You could see an orc warrior, an orc wizard and 2 orcs.

Vanquished Creatures
  4 slaves (D:5)
  A centaur (D:5)
  A big kobold (Sewer)
  A bullfrog (D:6)
  A scorpion (D:6)
  A hound (D:4)
  An orc priest (D:5)
  3 orc wizards
  An iguana (D:4)
  2 worker ants (D:5)
  2 hound skeletons
  5 adders
  2 oozes
  An adder skeleton (D:5)
  3 worms
  A dart slug (D:2)
  3 leopard geckos
  8 orcs
  8 bats
  5 giant cockroaches
  5 hobgoblins
  12 jackals
  A quokka (D:4)
  A ball python (D:2)
  6 frilled lizards
  3 goblins
  14 kobolds
  A leopard gecko skeleton (D:5)
  8 rats
  A spectral orc (D:5)
106 creatures vanquished.

Notes
Turn   | Place    | Note
-------+----------+-------------------------------------------
     0 | D:1      | Firecrotchwizard the Demonspawn Gladiator began the quest for the Orb.
     0 | D:1      | Reached XP level 1. HP: 16/16 MP: 1/1
   214 | D:1      | Reached skill level 3 in Long Blades
   214 | D:1      | Gained mutation: You have sharp toenails. [demonic ancestry]
   214 | D:1      | Reached XP level 2. HP: 22/22 MP: 2/2
   800 | D:2      | Reached skill level 3 in Dodging
   800 | D:2      | Reached XP level 3. HP: 23/28 MP: 3/3
  1113 | D:2      | Found a hide-covered altar of Uskayaw.
  1125 | D:2      | Found a sparkling altar of Nemelex Xobeh.
  1140 | D:2      | HP: 7/28 [poisoned by an adder]
  1147 | D:2      | HP: 6/28 [poisoned by an adder]
  1155 | D:2      | HP: 4/28 [poisoned by an adder]
  1419 | D:2      | Found a shimmering altar of Xom.
  1422 | D:2      | Found a glowing silver altar of Zin.
  1491 | D:2      | HP: 7/28 [poisoned by an adder]
  1939 | D:3      | Gained mutation: You have razor-sharp toenails. [demonic ancestry]
  1939 | D:3      | Reached XP level 4. HP: 21/34 MP: 4/4
  1950 | D:3      | HP: 7/34 [hobgoblin (2)]
  1951 | D:3      | HP: 2/34 [kobold/short sword (5)]
  2146 | D:3      | Found a stormy altar of Qazlal.
  2422 | D:3      | Reached skill level 4 in Long Blades
  2495 | D:3      | Found an ornate altar of the Wu Jian Council.
  2570 | D:3      | Reached skill level 3 in Fighting
  2603 | D:3      | Found a glowing drain.
  2612 | Sewer    | Entered a sewer
  2700 | Sewer    | Noticed a big kobold
  2718 | Sewer    | Killed a big kobold
  2718 | Sewer    | Gained mutation: Your flesh is heat resistant. (rF+) [demonic ancestry]
  2718 | Sewer    | Reached XP level 5. HP: 38/41 MP: 5/5
  2737 | Sewer    | Found a glowing silver altar of Zin.
  2835 | D:3      | Found a runed gate.
  2835 | D:3      | Noticed Mace's ghost (amateur DENe)
  2856 | D:3      | Found a runed gate.
  2857 | D:3      | Found a runed gate.
  3039 | D:3      | Found a roughly hewn altar of Beogh.
  3475 | D:4      | Reached XP level 6. HP: 46/47 MP: 6/6
  3925 | D:5      | Entered Level 5 of the Dungeon
  3925 | D:5      | Noticed a slave
  3926 | D:5      | Noticed a slave
  3963 | D:5      | Reached skill level 5 in Long Blades
  4149 | D:5      | Reached skill level 4 in Dodging
  4170 | D:5      | Found a basalt altar of Yredelemnul.
  4215 | D:5      | Found a blossoming altar of Fedhas.
  4252 | D:5      | Noticed a slave
  4280 | D:5      | Killed a slave
  4293 | D:5      | HP: 12/48 [slave[Pikel] (6)]
  4294 | D:5      | Killed a slave
  4605 | D:5      | Killed a slave
  4641 | D:5      | Reached skill level 4 in Fighting
  4734 | D:5      | Reached XP level 7. HP: 54/54 MP: 7/7
  5140 | D:6      | HP: 6/55 [orc warrior/dire flail (17)]
  5142 | D:6      | Slain by an orc warrior

Vault maps used:
D:1:      lightli_arrival_noodles, minmay_misc_feat_tiny
D:2:      grunt_temple_overflow_cloverleaf, minivault_26
D:3:      lemuel_round_altar, portal_sewer_entry_e, biasface_ghost_orc_armoury,
          nicolae_qazlal_eye_of_the_storm
D:4:      first_ration, lemuel_old_faithful
D:5:      yredelemnul_forgotten_temple_becter, fedhas_altar_4, uniq_pikel
D:6:      minmay_temple_entry_butterflies, minmay_statues_item
Sewer:    sewer_kobolds

Skill      XL: |  1  2  3  4  5  6 |
---------------+-------------------+-----
Long Blades    | 3 4 5 |  5.8
Dodging        | 3 4 |  4.4
Fighting       | 3 4 |  4.3
Throwing       | |  1.7

Action                   |  1- 3 |  4- 6 |  7- 9 || total
-------------------------+-------+-------+-------++-------
Melee: Long sword        |   116 |   201 |    44 ||   361
       Kick              |    25 |    72 |    12 ||   109
  Use: Potion            |       |     1 |     1 ||     2
  Eat: Chunk             |     3 |    10 |       ||    13
Armor: Leather armour    |    58 |       |       ||    58
       Ring mail         |     4 |    75 |    10 ||    89
Dodge: Dodged            |   111 |   139 |    28 ||   278
       Rpst.: Long sword |    39 |    44 |     4 ||    87

Table legend:
 A = Spawn XP
 B = Non-spawn XP
 C = Spawn XP percentage of total XP
 D = Spawn monster count
 E = Non-spawn monster count
 F = Spawn count percentage of total count
 G = Total turns spent on level
                    A         B        C        D         E        F      G
               +---------+---------+-------+---------+---------+-------+---------
         Total |       0 |     947 |   0.0 |       0 |     102 |   0.0 |  5142
               +---------+---------+-------+---------+---------+-------+---------
           D:1 |       0 |      17 |   0.0 |       0 |      14 |   0.0 |   538
           D:2 |       0 |      77 |   0.0 |       0 |      22 |   0.0 |  1393
           D:3 |       0 |      66 |   0.0 |       0 |      23 |   0.0 |  1119
           D:4 |       0 |     201 |   0.0 |       0 |      17 |   0.0 |   912
           D:5 |       0 |     291 |   0.0 |       0 |      11 |   0.0 |   926
           D:6 |       0 |     184 |   0.0 |       0 |       3 |   0.0 |    84
         Sewer |       0 |     111 |   0.0 |       0 |      12 |   0.0 |   170
               +---------+---------+-------+---------+---------+-------+---------

Vault maps used:
D:1:      lightli_arrival_noodles, minmay_misc_feat_tiny
D:2:      grunt_temple_overflow_cloverleaf, minivault_26
D:3:      lemuel_round_altar, portal_sewer_entry_e, biasface_ghost_orc_armoury,
          nicolae_qazlal_eye_of_the_storm
D:4:      first_ration, lemuel_old_faithful
D:5:      yredelemnul_forgotten_temple_becter, fedhas_altar_4, uniq_pikel
D:6:      minmay_temple_entry_butterflies, minmay_statues_item
Sewer:    sewer_kobolds

Table legend:
 A = Turns spent in this place as a percentage of turns spent in the entire game.
 B = Non-inter-level travel turns spent in this place as a percentage of non-inter-level travel turns spent in the entire game.
 C = Inter-level travel turns spent in this place as a percentage of turns spent in this place.
 D = Turns resting spent in this place as a percentage of non-inter-level travel turns spent in this place.
 E = Turns spent auto-exploring this place as a percentage of non-inter-level travel turns spent in this place.
 F = Non-inter-level travel turns spent in this place divided by the number of levels of this place that you've seen.
                   A       B       C       D       E      F
               +-------+-------+-------+-------+-------+----------------------
         Total | 100.0 | 100.0 |   4.6 |  37.4 |  45.0 | 700.6
       Dungeon |  96.7 |  96.5 |   4.8 |  38.3 |  44.6 | 789.0
         Sewer |   3.3 |   3.5 |   0.0 |  11.2 |  56.5 | 170.0
               +-------+-------+-------+-------+-------+----------------------

Table legend:
 A = Kills in this place as a percentage of kills in entire the game.
 B = Kills by you in this place as a percentage of kills by you in the entire game.
 C = Kills by friends in this place as a percentage of kills by friends in the entire game.
 D = Other kills in this place as a percentage of other kills in the entire game.
 E = Experience gained in this place as a percentage of experience gained in the entire game.
 F = Experience gained in this place divided by the number of levels of this place that you have seen.
                   A       B       C       D       E      F
               +-------+-------+-------+-------+-------+----------------------
         Total | 100.0 | 100.0 |   N/A |   N/A | 100.0 | 135.3
       Dungeon |  88.2 |  88.2 |   N/A |   N/A |  88.3 | 139.3
         Sewer |  11.8 |  11.8 |   N/A |   N/A |  11.7 | 111.0
               +-------+-------+-------+-------+-------+----------------------
